 Dungeon Crawl Stone Soup version 0.28.0-49-g6dfe1f597d (webtiles) character file.

Game seed: 1102761894499678224

11827 pkoi the Martial Artist (level 11, -5/80 HPs)
             Began as a Demigod Gladiator on May 12, 2022.
             Slain by a komodo dragon (25 damage)
             ... on level 11 of the Dungeon.
             The game lasted 00:24:52 (18552 turns).

pkoi the Martial Artist (Demigod Gladiator)        Turns: 18552, Time: 00:24:52

Health: -5/80      AC: 13    Str: 25    XL:     11   Next: 29%
Magic:  17/17      EV: 17    Int: 14    God:
Gold:   558        SH:  0    Dex: 25    Spells: 7/13 levels left

rFire   . . .      SeeInvis .     - Unarmed
rCold   . . .      Faith    .   (no shield)
rNeg    . . .      Spirit   .   N - +0 troll leather armour
rPois   .          Reflect  .   b - +1 helmet
rElec   .          Harm     .   E - +0 cloak
rCorr   .          Rampage  .   m - +0 pair of gloves
Will    +....                   v - +2 pair of boots of Fun and Games {Stlth+}
Stlth   +++.......              (no amulet)
HPRegen 1.03/turn               K - +6 ring of dexterity
MPRegen 0.15/turn               M - +6 ring of strength

@: no status effects
A: high MP 1, forlorn, divine attributes, hooves 1, frail 1
a: no special abilities


You were on level 11 of the Dungeon.
You visited 2 branches of the dungeon, and saw 12 of its levels.
You also visited: Ossuary and Gauntlet.

You collected 558 gold pieces.

Inventory:

Hand Weapons
 a - a +3 short sword
 f - a +1 short sword of speed
 g - a +0 whip of freezing
 j - a +2 spectral club
 z - a +0 dagger of venom
Missiles
 c - 3 throwing nets (quivered)
 q - 5 datura-tipped darts
 r - 34 poisoned darts
 t - 2 curare-tipped darts
 O - a boomerang of dispersal
Armour
 b - a +1 helmet (worn)
 m - a +0 pair of gloves (worn)
 n - a +0 plate armour
 v - the +2 pair of boots of Fun and Games (worn) {Stlth+}
   (You found it on level 5 of the Dungeon)

   Stlth:     It makes you more stealthy.
 E - a +0 cloak (worn)
 F - a +1 chain mail of poison resistance
 N - a +0 troll leather armour (worn)
Jewellery
 d - a ring of see invisible
 e - a +6 ring of intelligence
 y - a +4 ring of protection
 K - a +6 ring of dexterity (left hand)
 M - a +6 ring of strength (right hand)
Wands
 h - a wand of digging (4)
 s - a wand of paralysis (3)
 A - a wand of polymorph (10)
 L - a wand of flame (4)
Scrolls
 i - 2 scrolls of identify
 l - 3 scrolls of enchant armour
 p - 7 scrolls of teleportation
 w - a scroll of blinking
 B - 5 scrolls of fog
 J - a scroll of amnesia
Potions
 k - a potion of magic
 o - 3 potions of invisibility
 u - a potion of brilliance
 x - 2 potions of heal wounds
 C - 2 potions of cancellation
 D - a potion of ambrosia
 G - 2 potions of curing
 H - a potion of haste
 I - a potion of lignification


   Skills:
 + Level 5.9 Fighting
 - Level 1.7 Throwing
 - Level 6.0 Armour
 - Level 6.0 Dodging
 * Level 12.5 Unarmed Combat
 + Level 1.9 Spellcasting
 + Level 0.6 Hexes
 + Level 2.2 Summonings
 + Level 5.2 Evocations


You had 7 spell levels left.
You knew the following spells:

 Your Spells              Type           Power      Damage    Failure   Level
a - Call Canine Familiar  Summ           7%         N/A       32%         3
b - Summon Guardian Gole  Hex/Summ       5%         N/A       41%         3

Your spell library contained the following spells:

 Spells                   Type           Power      Damage    Failure   Level
 Summon Small Mammal      Summ           28%        N/A       11%         1
 Searing Ray              Conj           2%         2d4       38%         2
 Tukima's Dance           Hex            3%         N/A       52%         3
 Dazzling Flash           Conj/Hex       4%         N/A       56%         3
 Animate Dead             Necr           0%         N/A       95%         4
 Passage of Golubria      Tloc           1%         N/A       95%         4
 Sticky Flame             Conj/Fire      1%         2d3       95%         4
 Agony                    Necr           1%         N/A       100%        5
 Borgnjor's Vile Clutch   Necr/Erth      0%         N/A       100%        5
 Silence                  Hex/Air        1%         N/A       100%        5
 Yara's Violent Unravell  Hex/Tmut       1%         3d3       100%        5
 Death Channel            Necr           0%         N/A       100%        6


Dungeon Overview and Level Annotations

Branches:
Dungeon (11/15)            Temple (0/1) D:4            Lair (1/6) D:11
    Orc (0/2) D:11        Ossuary (visited)         Gauntlet (visited)

Portals:
Trove: D:10 (give +3 ice dragon scales)

Annotations:
D:10 2 transporters, Soldner's ghost, novice DsWz


Innate Abilities, Weirdness & Mutations

You have an increased reservoir of magic. (+10% MP)
You shall have no god before yourself.
Your divine heritage dramatically boosts your attributes as you level up.
You have large cloven feet.
You are frail. (-10% HP)


Message History

You closely miss the cane toad.
The cane toad is moderately wounded.
The cane toad closely misses you.
You punch the cane toad!
The cane toad is heavily wounded.
The cane toad stings you but does no damage.
You punch the cane toad!
The cane toad is almost dead.
The cane toad completely misses you.
You punch the cane toad!
You kill the cane toad!
You see here a cane toad corpse.
There is a staircase to the Lair here.
You start resting.
HP restored.
You start waiting.
Done waiting.
You climb downwards.
Welcome back to the Lair of Beasts!
The bullfrog barely misses you. The komodo dragon closely misses you.
The komodo dragon hisses menacingly.
The komodo dragon closely misses you. The bullfrog completely misses you.
There is a staircase back to the Dungeon, spattered with blood here.
Unknown command.
The bullfrog barely misses you. The komodo dragon closely misses you.
The komodo dragon bites you!!
* * * LOW HITPOINT WARNING * * *
You climb upwards.
Welcome back to the Dungeon!
There is a staircase to the Lair here.
Unknown command.
Unknown command.
The bullfrog barely misses you.
The bullfrog hits you but does no damage.
The bullfrog completely misses you.
The bullfrog hits you but does no damage.
The bullfrog closely misses you. The komodo dragon bites you!!
* * * LOW HITPOINT WARNING * * *
The bullfrog barely misses you. The komodo dragon bites you!!
* * * LOW HITPOINT WARNING * * *
The komodo dragon bites you!!
You die...

#.# #..###..######(###.#.## #.#
#..........≈≈≈≈≈≈≈....[ #.#
#......≈..≈≈≈≈≈≈≈....≈.
#######.###....≈..≈≈≈≈≈≈≈≈≈..)≈..
#.............≈≈≈.≈≈≈≈≈≈≈≈≈≈≈≈≈.)
#.#####.###...≈≈≈≈.≈≈≈≈≈≈≈≈≈≈≈...
#.# #.# #..≈≈≈≈≈≈..≈≈.≈.≈≈≈≈...
#.# #.###..≈≈≈≈l≈≈≈....≈≈≈≈≈≈..
#.# #.##.....)@F.....>..≈≈≈≈...
#.#####.#....≈≈≈≈l≈..≈.†.≈≈≈.≈≈..
#.##....#.......≈≈≈≈...≈..≈≈≈....
#.##)####....≈≈≈≈≈≈≈≈≈..≈≈≈≈≈....
#.##)#........≈≈≈≈≈≈≈≈≈≈≈≈≈≈≈....
#.##)#.........≈≈≈..≈≈.≈≈≈..≈....
#.##)#.........≈.......≈.≈...≈≈..
#...).................≈..........
####.###..>.#####.###.###..######


You could see 2 komodo dragons and a bullfrog.

Vanquished Creatures
  Erica (D:9)
  4 two-headed ogres
  A cyclops (D:11)
  Maggie (D:9)
  A cane toad (D:11)
  An unseen horror (D:11)
  2 trolls
  A water elemental (D:11)
  Sigmund (D:2)
  2 shadows
  4 yaks (D:8)
  A wraith (D:11)
  4 vampire mosquitoes (D:9)
  A steam dragon (D:8)
  2 swamp worms (D:7)
  2 water moccasins
  A floating eye (D:11)
  5 orc warriors
  A black bear (D:7)
  A sky beast (D:6)
  2 ogres
  10 centaurs
  A phantom (D:8)
  3 kobold brigands
  3 bullfrogs
  12 killer bees
  9 wights
  3 electric eels (D:11)
  2 bullfrog zombies
  8 centaur zombies
  9 hounds
  2 jellies
  5 orc priests
  3 gnoll shamans
  Jessica (D:2)
  An iguana (D:6)
  10 orc wizards
  A killer bee zombie (D:5)
  6 mummies
  3 howler monkey zombies
  Robin (D:2)
  A howler monkey skeleton (D:7)
  8 adders
  11 gnolls
  2 ufetubi
  2 worms
  3 dart slugs
  42 orcs
  7 endoplasms
  4 giant cockroaches
  9 goblins
  10 hobgoblins
  6 jackals (D:3)
  4 quokkas
  2 ball pythons
  6 bats
  2 frilled lizards
  2 hobgoblin zombies (Ossuary)
  9 kobolds
  A quokka zombie (D:3)
  7 rats
270 creatures vanquished.

Vanquished Creatures (others)
  4 plants (D:7)
4 creatures vanquished.

Grand Total: 274 creatures vanquished

Notes
Turn   | Place    | Note
-------+----------+-------------------------------------------
     0 | D:1      | pkoi the Demigod Gladiator began the quest for the Orb.
     0 | D:1      | Reached XP level 1. HP: 17/17 MP: 3/3
   692 | D:1      | Reached skill level 3 in Unarmed Combat
   956 | D:1      | Reached XP level 2. HP: 24/24 MP: 4/4
  1281 | D:2      | Noticed Jessica
  1414 | D:2      | Killed Jessica
  1415 | D:2      | Reached XP level 3. HP: 28/29 MP: 5/5
  1434 | D:2      | Reached skill level 4 in Unarmed Combat
  1442 | D:2      | Noticed Sigmund
  1611 | D:2      | Noticed Robin
  1649 | D:2      | Killed Robin
  2623 | D:3      | Reached XP level 4. HP: 25/36 MP: 6/6
  3153 | D:3      | Reached skill level 5 in Unarmed Combat
  3414 | D:3      | Noticed a kobold brigand
  3501 | D:2      | Gained mutation: You are frail. (-10% HP) [potion of
                  | mutation]
  3501 | D:2      | Gained mutation: You have large cloven feet. [potion of
                  | mutation]
  3513 | D:2      | Killed Sigmund
  3514 | D:2      | Reached skill level 1 in Armour
  3514 | D:2      | Reached XP level 5. HP: 17/36 MP: 7/7
  4164 | D:3      | Reached XP level 6. HP: 43/43 MP: 8/8
  4377 | D:3      | Reached skill level 6 in Unarmed Combat
  5020 | D:4      | Found a staircase to the Ecumenical Temple.
  5217 | D:5      | Entered Level 5 of the Dungeon
  5379 | D:5      | Identified the +2 pair of boots of Fun and Games {Stlth+}
  6028 | D:5      | Reached XP level 7. HP: 45/49 MP: 9/9
  6244 | D:5      | Reached skill level 7 in Unarmed Combat
  6683 | D:6      | Noticed a shadow
  6694 | D:6      | Killed a shadow
  6886 | D:6      | Reached skill level 1 in Evocations
  7307 | D:6      | Reached skill level 8 in Unarmed Combat
  7307 | D:6      | Reached XP level 8. HP: 38/56 MP: 10/10
  7640 | D:6      | Learned a level 3 spell: Call Canine Familiar
  9644 | D:7      | Reached skill level 9 in Unarmed Combat
 11332 | D:8      | Reached XP level 9. HP: 60/63 MP: 11/11
 11437 | D:8      | Reached skill level 10 in Unarmed Combat
 11697 | D:8      | Found a sand-covered staircase.
 11706 | Ossuary  | Entered an ossuary
 13360 | D:9      | Reached skill level 5 in Armour
 13360 | D:9      | Reached skill level 5 in Dodging
 13391 | D:9      | Noticed Maggie
 13431 | D:9      | Killed Maggie
 14026 | D:9      | Reached skill level 11 in Unarmed Combat
 14095 | D:9      | Noticed a two-headed ogre
 14103 | D:9      | Killed a two-headed ogre
 14104 | D:9      | Reached XP level 10. HP: 52/71 MP: 13/13
 14242 | D:9      | Noticed Erica
 14242 | D:9      | Noticed a two-headed ogre
 14256 | D:9      | Killed a two-headed ogre
 14264 | D:9      | Killed Erica
 15100 | D:10     | Entered Level 10 of the Dungeon
 15108 | D:10     | Found a portal to a secret trove of treasure.
 15543 | D:10     | Got the Compendium of the Battered Suns
 15627 | D:10     | Noticed a two-headed ogre
 15648 | D:10     | Killed a two-headed ogre
 15649 | D:10     | Reached skill level 5 in Fighting
 16519 | D:10     | Found a transporter.
 16524 | D:10     | Found a transporter.
 16526 | D:10     | Noticed Soldner's ghost (novice DsWz)
 16738 | D:11     | Noticed a two-headed ogre
 16749 | D:11     | Killed a two-headed ogre
 16750 | D:11     | Reached skill level 12 in Unarmed Combat
 16765 | D:11     | Found a gate leading to a gauntlet.
 16774 | Gauntlet | Entered a Gauntlet
 16774 | Gauntlet | Found a transporter.
 16792 | Gauntlet | Noticed a wizard
 16793 | Gauntlet | Found a transporter.
 16807 | Gauntlet | Found a transporter.
 16809 | Gauntlet | Noticed a spectral wolf spider
 16810 | Gauntlet | Noticed a death drake
 16812 | Gauntlet | Found a transporter.
 16813 | Gauntlet | Noticed a sixfirhy
 16813 | Gauntlet | Noticed a sixfirhy
 16827 | Gauntlet | Found a transporter.
 16846 | Gauntlet | Found a transporter.
 16858 | Gauntlet | Found a transporter.
 16868 | Gauntlet | Noticed a death scarab
 16869 | Gauntlet | Noticed a death scarab
 16870 | Gauntlet | Found a transporter.
 16871 | Gauntlet | Noticed a spectral seven-headed hydra
 16876 | Gauntlet | Found a transporter.
 16876 | Gauntlet | Found a transporter.
 16891 | Gauntlet | Found a transporter.
 16894 | Gauntlet | Noticed an entropy weaver
 16903 | Gauntlet | Found a transporter.
 16909 | Gauntlet | Found a transporter.
 16931 | Gauntlet | Found a transporter.
 16948 | Gauntlet | Found a transporter.
 16948 | Gauntlet | Found the dreamshard necklace {*Dream Drain}
 16962 | Gauntlet | Noticed a wizard
 16973 | Gauntlet | Found a transporter.
 16975 | Gauntlet | Found a transporter.
 16995 | Gauntlet | Found a transporter.
 17248 | D:11     | Noticed a two-headed ogre
 17366 | D:11     | Reached XP level 11. HP: 61/79 MP: 13/15
 17443 | D:11     | Reached skill level 1 in Summonings
 17508 | D:11     | Reached skill level 1 in Spellcasting
 17684 | D:11     | Reached skill level 5 in Evocations
 17868 | D:11     | Found a staircase to the Orcish Mines.
 17949 | D:11     | Found a staircase to the Lair.
 17988 | D:11     | a two-headed ogre changed into a floating eye
 18150 | D:11     | Learned a level 3 spell: Summon Guardian Golem
 18371 | D:11     | Noticed a boulder beetle
 18424 | Lair:1   | Entered Level 1 of the Lair of Beasts
 18552 | D:11     | Slain by a komodo dragon

Illustrated notes

Levels and vault maps discovered:
D:1:      mrwooster_arrival_arrow, layout_loops_ring,
          shapermc_ecumenical_altar_mp_vishouse, dk_noncrumbling_2,
          palyth_stone_intersect
D:2:      layout_loops_ring, nicolae_underground_beach, uniq_jessica,
          uniq_sigmund, uniq_robin
D:3:      layout_loops_cross, grunt_ministairs_9, hex_large, st_stairs_12,
          minmay_fractal_squares_diagonal_5
D:4:      layout_cave_pools, minmay_temple_entry_poolview
D:5:      layout_gridville, mainiacjoe_overflow_alcove_1
D:6:      layout_gridville
D:7:      layout_loops_ring, worms_lemuel
D:8:      layout_loops_ring, grunt_dithmenos_shadows, gup_ossuary_entry_pyramid
D:9:      layout_basic, slow_altar_2, lemuel_crystal_altar,
          hangedman_decor_peaks_small, uniq_erica, uniq_maggie
D:10:     layout_cave_pools, nicolae_overflow_hidden_temple,
          nicolae_trove_entry_isolated, gammafunk_ghost_hive
D:11:     layout_loops_ring, erik_lair_island, hiddenorc1_lemuel,
          gauntlet_entry_generic
Lair:1:   layout_cave_shapes

Skill      XL: |  1  2  3  4  5  6  7  8  9 10 11 |
---------------+----------------------------------+-----
Fighting       | 2 3 4 5 |  5.9
Unarmed Combat | 3 4 5 6 8 9 11 12 | 12.5
Armour         | 1 2 3 5 6 |  6.0
Dodging        | 3 5 6 |  6.0
Evocations     | 1 3 4 5 |  5.2
Summonings     | 2 |  2.2
Spellcasting   | 1 |  1.9
Throwing       | |  1.7
Hexes          | |  0.6

Action                   |  1- 3 |  4- 6 |  7- 9 | 10-12 || total
-------------------------+-------+-------+-------+-------++-------
Melee: Unarmed           |    54 |    54 |   326 |   301 ||   735
       Punch             |     3 |     5 |    49 |    17 ||    74
       Club              |    16 |    76 |    85 |       ||   177
       Kick              |       |    26 |       |       ||    26
       Dagger            |       |    31 |    24 |       ||    55
Throw: Stone             |    28 |       |       |       ||    28
Evoke: Wand              |       |       |     2 |    16 ||    18
  Use: Scroll            |     2 |     8 |    11 |     3 ||    24
       Potion            |       |     4 |       |       ||     4
 Stab: Distracted        |     1 |       |     3 |     1 ||     5
       Paralysed         |       |       |    12 |    14 ||    26
Armor: Ring mail         |    17 |       |       |       ||    17
       Plate armour      |     3 |   133 |   115 |       ||   251
       Skin              |       |     2 |       |       ||     2
       Chain mail        |       |       |   141 |    61 ||   202
       Troll leather arm |       |       |       |    70 ||    70
Dodge: Dodged            |    34 |    67 |   171 |   266 ||   538
